 Dungeon Crawl Stone Soup version 0.18.1-8-gdd0e5ea (webtiles) character file.

49 raph the Sneak (level 3, -4/24 HPs)
             Began as a Vampire Enchanter on May 23, 2016.
             Killed by nerve-wracking pain
             ... invoked by Jessica
              (12 damage)
             ... on level 2 of the Dungeon.
             The game lasted 00:03:32 (1991 turns).

raph the Sneak (Vampire Enchanter)                  Turns: 1991, Time: 00:03:33

Health: -4/24      AC:  4    Str:  7    XL:     3   Next: 51%
Magic:  0/6        EV: 13    Int: 17    God:
Gold:   53         SH:  0    Dex: 15    Spells: 2 memorised, 3 levels left

rFire  . . .     SeeInvis +     a - +1 dagger
rCold  + + .     Gourm    .     b - +1 robe
rNeg   + + +     Faith    .     (no shield)
rPois  +         Spirit   .     (no helmet)
rElec  .         Dismiss  .     j - +0 cloak
rCorr  .         Reflect  .     (no gloves)
SustAt .         Harm     .     (no boots)
MR     .....                    (no amulet)
Stlth  +++.......               (no ring)
                                (no ring)

@: very slightly contaminated, regenerating slowly, not resistant to hostile
enchantments, fairly stealthy
A: fangs 3, see invisible, unbreathing
a: Bat Form


You were on level 2 of the Dungeon.
You were near bloodless.

You visited 1 branch of the dungeon, and saw 2 of its levels.

You collected 53 gold pieces.

Inventory:

Hand Weapons
 a - a +1 dagger (weapon)
Armour
 b - a +1 robe (worn)
 f - a +0 buckler
 j - a +0 cloak (worn)
Scrolls
 e - 3 scrolls of identify {unknown}
 h - a scroll of amnesia {unknown}
 i - a scroll of teleportation {unknown}
 l - a scroll of remove curse {unknown}
 m - a scroll of random uselessness {unknown}
Potions
 d - 3 potions of blood
 g - 2 potions of heal wounds {unknown}
 k - a potion of haste {unknown}
Books
 c - a book of Maledictions

   Spells                             Type                      Level
   a - Corona                         Hexes                        1
   b - Ensorcelled Hibernation        Hexes/Ice                    2
   c - Confuse                        Hexes                        3
   d - Tukima's Dance                 Hexes                        3
   e - Dazzling Spray                 Conjuration/Hexes            3


   Skills:
 + Level 1.5 Short Blades
 + Level 2.9 Dodging
 * Level 5.0 Stealth
 + Level 2.3 Spellcasting
 * Level 5.0 Hexes


You had 3 spell levels left.
You knew the following spells:

 Your Spells              Type           Power        Failure   Level  Hunger
a - Corona                Hex            ###....      2%          1    #......
b - Ensorcelled Hibernat  Hex/Ice        ##....       12%         2    ##.....


Dungeon Overview and Level Annotations

Branches:
Dungeon (2/15)

Altars:

Annotations:
D:2 Jessica


Innate Abilities, Weirdness & Mutations

You heal slowly.
You have razor-sharp teeth.
You have supernaturally acute eyesight.
You can survive without breathing.


Message History

Ouch! That really hurt!
Jessica gestures wildly while chanting.
Jessica blinks!
Jessica grins evilly.
You hit Jessica. Your bite misses Jessica.
Jessica is severely wounded.
Jessica closely misses you.
You hit Jessica.
Jessica is severely wounded.
Jessica hits you with a dagger. Jessica hits you but does no damage.
Casting: Corona
Confirm with . or Enter, or press ? or * to list all spells.
Aiming: Corona
Press: ? - help, Shift-Dir - straight line, f/p - Jessica
Aim: Jessica, wielding a dagger and wearing a robe (severely wounded, fast, softly glowing, chance to defeat MR: 66%) Jessica glows brighter.
Jessica points at you and mumbles some strange words.
Pain shoots through your body!
Ouch! That really hurt!
You die...

### ##### #. #<# ##...####
#.###.# ##.......## #...#.#
##.........## #.#.#.#
#....#####..##
#.#.#.#######@..##...##..#
#####.#.#.......@...#.....#..##
...##.#.##########..'.....#...#
##.#...)<..... #.†#.....#...#
...#..######## #..##...##...#
.#....#...... #...#####....#
.#.#......... #.#..........#
##.#..†.##### #.##.....#...##
...>......... ... .....+....#
##..######### ##.# ######....##


You could see Jessica.

Vanquished Creatures
  An adder (D:2)
  2 dart slugs
  A ball python (D:2)
  4 giant cockroaches
  5 goblins (D:1)
  4 hobgoblins
  3 jackals (D:2)
  3 kobolds (D:1)
  2 quokkas (D:2)
  2 bats (D:1)
  A giant newt (D:1)
  2 rats (D:1)
30 creatures vanquished.

Notes
Turn   | Place    | Note
--------------------------------------------------------------
     0 | D:1      | raph the Vampire Enchanter began the quest for the Orb.
     0 | D:1      | Reached XP level 1. HP: 13/13 MP: 3/3
   261 | D:1      | Reached XP level 2. HP: 9/19 MP: 3/5
   694 | D:1      | Learned a level 2 spell: Ensorcelled Hibernation
  1403 | D:2      | Reached XP level 3. HP: 20/24 MP: 2/6
  1426 | D:2      | Reached skill level 5 in Stealth
  1521 | D:2      | Reached skill level 5 in Hexes
  1958 | D:2      | Noticed Jessica
  1991 | D:2      | Killed from afar by Jessica

Skill      XL: |  1  2  3 |
---------------+----------+-----
Stealth        | 5 |  5.0
Hexes          | 5 |  5.0
Short Blades   | |  1.5
Dodging        | |  2.9
Spellcasting   | |  2.3

Action                   || total
-------------------------++-------
Melee: Dagger            ||   107
       Bite              ||     7
 Cast: Corona            ||    20
       Ensorcelled Hiber ||    11
 Stab: Sleeping          ||    10
Armor: Robe              ||    24
Dodge: Dodged            ||    59
